 Dungeon Crawl Stone Soup version 0.27-a0-1525-g1038ab4fd7 (webtiles) character file.

Game seed: 5621684827455347318

3 jt the Shield-Bearer (level 1, 1/14 HPs)
             Began as a Gargoyle Fighter on July 10, 2021.
             Got out of the dungeon alive.
             The game lasted 00:00:30 (178 turns).

jt the Shield-Bearer (Gargoyle Fighter)              Turns: 178, Time: 00:00:30

Health: 1/14       AC:  9    Str: 19    XL:     1   Next: 50%
Magic:  1/1        EV:  7    Int:  8    God:
Gold:   0          SH:  9    Dex:  9    Spells: 0/0 levels left

rFire    . . .     SeeInvis .   a - +0 flail
rCold    . . .     Faith    .   c - +0 kite shield
rNeg     + . .     Spirit   .   b - +0 scale mail
rPois    ∞         Reflect  .   (no helmet)
rElec    +         Harm     .   (no cloak)
rCorr    .         Rampage  .   (no gloves)
Will     .....                  (no boots)
Stlth    ..........             (no amulet)
HPRegen  0.04/turn              (no ring)
MPRegen  0.07/turn              (no ring)

@: no status effects
A: sickness immunity, AC +2, negative energy resistance 1, electricity
resistance, torment resistance 1, petrification resistance
a: no special abilities


You escaped.
You visited 1 branch of the dungeon, and saw 1 of its levels.

Inventory:

Hand Weapons
 a - a +0 flail (weapon)
Armour
 b - a +0 scale mail (worn)
 c - a +0 kite shield (worn)
Scrolls
 e - a scroll of noise {unknown}
Potions
 d - a potion of might


   Skills:
 - Level 3.2 Fighting
 + Level 2.1 Maces & Flails
 - Level 3.2 Armour
 + Level 3.4 Shields


You couldn't memorise any spells.
You didn't know any spells.
Your spell library was empty.

Dungeon Overview and Level Annotations

Branches:
Dungeon (1/15)

Altars:


Innate Abilities, Weirdness & Mutations

You are immune to sickness and miasma.
Your stone body is resilient. (AC +2)
You are immune to poison.
You resist negative energy. (rN+)
You are resistant to electric shocks. (rElec)
You are resistant to unholy torment.
You are immune to petrification.


Message History

Found 18 gold pieces.
You see here a quokka corpse.
The endoplasm quivers.
The bat barely misses you. The bat hits you but does no damage.
A ball python comes into view.
The bat barely misses you. The goblin hits you with a +0 club.
You block the bat's attack.
A rat comes into view.
You closely miss the goblin. The bat hits you but does no damage. x2
The goblin barely misses you. The goblin closely misses you.
You barely miss the goblin. The endoplasm closely misses you.
The goblin hits you with a +0 club. The endoplasm freezes you.
You are frozen.
You see here a quokka corpse.
You closely miss the goblin. You block the goblin's attack. x2
You block the ball python's attack. The ball python closely misses you.
The goblin hits you with a +0 club.
* * * LOW HITPOINT WARNING * * *
There is an open door here.
The ball python bites you.
* * * LOW HITPOINT WARNING * * *
The ball python grabs you. The ball python constricts you.
You thump the ball python!
You kill the ball python!
You block the bat's attack. The bat hits you but does no damage.
You block the bat's attack. You block the bat's attack.
The bat barely misses you. The bat hits you but does no damage.
The goblin barely misses you. The bat hits you but does no damage.
The bat closely misses you.
There is an open door here.
You block the bat's attack. The bat barely misses you.
There is a staircase leading out of the dungeon here.
Are you sure you want to leave the Dungeon?
This will make you lose the game! The bat hits you but does no damage.
You have escaped!

###########
##.........##
#..♣..@..♣..#
#....g.b..##
#####J##### #####
#####..r######...##
..................#
......⌠........⌠..#
...................#
######...######...##
##>## ##'##


You could see an endoplasm, a goblin, a bat and a rat.

Vanquished Creatures
  A giant cockroach (D:1)
  A quokka (D:1)
  A ball python (D:1)
3 creatures vanquished.

Notes
Turn   | Place    | Note
-------+----------+-------------------------------------------
     0 | D:1      | jt the Gargoyle Fighter began the quest for the Orb.
     0 | D:1      | Reached XP level 1. HP: 14/14 MP: 1/1
   178 | D:$      | Got out of the dungeon alive.

Illustrated notes

Levels and vault maps discovered:
D:1:      minmay_arrival_split_and_join, layout_basic,
          dreamdust_ecumenical_altar_statues, hex_medium, minmay_surrounded

Action                   || total
-------------------------++-------
Melee: Flail             ||    19
Armor: Scale mail        ||    11
Dodge: Dodged            ||    18
Block: Kite shield       ||    17

Table legend: (Time is in decaauts)
 A = Elapsed time spent in this place.
 B = Non-inter-level travel time spent in this place.
 C = Inter-level travel time spent in this place.
 D = Time resting spent in this place.
 E = Time spent auto-exploring this place.
 F = Levels seen in this place.
 G = Mean time per level.
                   A        B        C        D        E       F      G
               +--------+--------+--------+--------+--------+-----+--------+
         Total |    188 |    188 |      0 |     91 |     28 |   1 |  188.0 |
       Dungeon |    188 |    188 |      0 |     91 |     28 |   1 |  188.0 |
               +--------+--------+--------+--------+--------+-----+--------+

Top non-repeatable levels by time:
     D:1: 188 daAuts
